Map: Cosmic Sapphire

Players

Bunny - Winner!

  • Race: Terran Terran
  • League: Silver
  • Spawn Location: 11:00

llllllllllll (herO)

  • Race: Protoss Protoss
  • League: Grandmaster
  • Spawn Location: 5:00

VOD

Have the link to the VOD?

Description

Time

  • Played on: Oct. 20, 2022, 10:33 a.m.
  • Length: 5:09
Show
View Real Time Build Order
Export as new Build Order

Bunny Terran - Winner!

Build Orders: Reaper Expand 

Get SALT Encoding   

  12  0:00  SCV  
  13  0:12  SCV  
  14  0:17  Supply Depot  
  14  0:24  SCV  
  15  0:39  SCV  
  15  0:40  Barracks  
  16  0:43  Refinery  
  16  0:51  SCV  
  17  1:03  SCV  
  18  1:15  SCV  
  19  1:27  Reaper, Orbital Command  
  20  1:43  Command Center  
  20  1:51  Supply Depot  
  20  1:54  SCV  
  21  1:59  Bunker  
  21  2:03  Bunker  
  21  2:07  SCV  
  22  2:13  Factory  
  22  2:19  Refinery  
  22  2:20  SCV  
  22  2:22  Barracks Reactor  
  23  2:32  SCV  
  24  2:44  SCV  
  25  2:55  Orbital Command  
  25  2:56  Factory Tech Lab  
  25  2:57  SCV  
  25  2:58  Starport, Marine  
  26  2:59  Marine  
  28  3:09  SCV  
  29  3:17  Cyclone  
  32  3:20  Marine x2  
  32  3:21  SCV  
  32  3:22  Orbital Command  
  32  3:25  Supply Depot  
  35  3:33  SCV  
  36  3:43  Starport Tech Lab  
  36  3:44  Marine  
  36  3:45  SCV, Marine  
  36  3:47  SCV  
  40  3:49  Siege Tank  
  40  3:52  Bunker  
  42  3:58  SCV  
  42  3:59  SCV  
  42  4:01  Banshee  
  42  4:02  Marine x2  
  47  4:04  Supply Depot  
  49  4:16  SCV x2  
  51  4:21  Marine x2  
  53  4:28  SCV x2  
  53  4:30  Barracks x2  
  53  4:31  Supply Depot  
  55  4:36  Siege Tank  
  58  4:40  Supply Depot  
  58  4:42  SCV  
  58  4:44  SCV  
  60  4:51  Marine  
Show
View Real Time Build Order
Export as new Build Order

llllllllllll Protoss 

Build Orders: 1 Gate Expand, Blink Stalkers 

Get SALT Encoding   

  12  0:00  Probe  
  13  0:12  Probe  
  14  0:17  Pylon  
  14  0:24  Probe (Chrono Boost)  
  15  0:36  Probe (Chrono Boost)  
  15  0:37  Gateway  
  16  0:44  Probe (Chrono Boost)  
  16  0:46  Assimilator  
  17  0:50  Probe  
  18  1:03  Probe  
  19  1:15  Probe  
  20  1:24  Cybernetics Core  
  20  1:33  Nexus  
  20  1:40  Pylon  
  20  1:43  Probe  
  21  1:48  Assimilator  
  21  1:55  Probe  
  21  1:57  Adept (Chrono Boost)  
  24  2:01  Warp Gate  
  24  2:07  Probe  
  25  2:19  Probe  
  25  2:20  Stalker  
  28  2:29  Twilight Council  
  29  2:42  Pylon  
  28  2:46  Probe  
  28  2:49  Stalker  
  31  2:57  Gateway  
  31  3:04  Gateway, Blink (Chrono Boost)  
  31  3:20  Stalker  
  31  3:23  Probe (Chrono Boost)  
  34  3:35  Probe (Chrono Boost)  
  34  3:38  Probe (Chrono Boost)  
  36  3:44  Probe  
  36  3:48  Probe  
  36  3:55  Stalker  
  38  3:58  Stalker  
  38  3:59  Stalker  
  38  4:02  Probe x2  
  44  4:11  Pylon  
  44  4:21  Stalker x2  
  44  4:22  Stalker  
  50  4:25  Probe  
  50  4:27  Probe  
  52  4:37  Probe  
  53  4:39  Probe  
  36  4:53  Probe x2  
Tags
 
Add a new tag
Caveats
  • Supply blocks, unpowered buildings, or Contaminate may cause inaccurate times.
  • Supply counts are checked every 10 seconds.